TOP OF THE 1ST |
Oakland Athletics batting - Pitching for Houston Astros : RHP Salisbury Swanson
|
Pitching: RHP Salisbury Swanson
|
|
Batting: SHB Quincy Bradford
|
0-0: Ball 1-0: Called Strike 1-1: Ground out U3 (Groundball, 34S, EV 85.6 MPH)
|
Batting: RHB Randy Shrewsbury
|
0-0: Ground out U3 (Groundball, 34, EV 111.2 MPH)
|
Batting: RHB Muneo Kawachi
|
0-0: Ball 1-0: Foul Ball, location: 2F 1-1: Ground out 4-3 (Groundball, 4M, EV 101.9 MPH)
|
Top of the 1st over - 0 runs, 0 hits, 0 errors, 0 left on base; Oakland 0 - Houston 0 |
BOTTOM OF THE 1ST |
Houston Astros batting - Pitching for Oakland Athletics : RHP Franklin Rojas
|
Pitching: RHP Franklin Rojas
|
|
Batting: RHB Matt Thompson
|
0-0: Ball 1-0: Ball 2-0: Ball 3-0: Called Strike 3-1: Base on Balls
|
Batting: LHB Bryce Hill
|
0-0: Swinging Strike 0-1: Swinging Strike 0-2: Grounds into double play, 6-4-3 (Groundball, 6, EV 86.2 MPH)
|
Batting: SHB Joe Gardner
|
0-0: Foul Ball, location: 2F 0-1: Ball 1-1: Ball 2-1: Ball 3-1: Foul Ball, location: 2F 3-2: Foul Ball, location: 2F 3-2: Strikes out looking
|
Bottom of the 1st over - 0 runs, 0 hits, 0 errors, 0 left on base; Oakland 0 - Houston 0 |
TOP OF THE 2ND |
Oakland Athletics batting - Pitching for Houston Astros : RHP Salisbury Swanson
|
Batting: RHB Jason May
|
0-0: Ball 1-0: Called Strike 1-1: Called Strike 1-2: Ball 2-2: Strikes out swinging
|
Batting: LHB Sakae Kasahara
|
0-0: SINGLE (Groundball, 4, EV 101.9 MPH)
|
Batting: RHB Shigem Kubo
|
0-0: Swinging Strike 0-1: Foul Ball, location: 2F 0-2: Ball 1-2: SINGLE (Groundball, 4S, EV 65.6 MPH) (infield hit) Sakae Kasahara to second
|
Batting: RHB Mike Blair
|
0-0: Ball 1-0: Grounds into double play, 5-4-3 (Groundball, 15, EV 90.6 MPH)
|
Top of the 2nd over - 0 runs, 2 hits, 0 errors, 1 left on base; Oakland 0 - Houston 0 |
BOTTOM OF THE 2ND |
Houston Astros batting - Pitching for Oakland Athletics : RHP Franklin Rojas
|
Batting: RHB Chris Lane
|
0-0: Called Strike 0-1: Ball 1-1: Ball 2-1: Ball 3-1: Base on Balls
|
Batting: RHB Josh Froyd
|
0-0: Called Strike 0-1: Ball 1-1: Ball 2-1: Ball 3-1: DOUBLE (Flyball, 89D, EV 97.5 MPH) Chris Lane to third
|
Batting: RHB Nick Gentzel
|
0-0: Ball 1-0: Ball 2-0: Ball 3-0: Called Strike 3-1: Base on Balls
|
Batting: RHB Antonio Aranda
|
0-0: Called Strike 0-1: Ball 1-1: Ball 2-1: Ball 3-1: Base on Balls Chris Lane scores Josh Froyd to third Nick Gentzel to second
|
Batting: LHB Jim Keefe
|
0-0: Called Strike 0-1: Swinging Strike 0-2: Strikes out looking
|
Batting: RHB Chang-wei Jiang
|
0-0: Ball 1-0: Ball 2-0: Grounds into double play, 6-4-3 (Groundball, 6M, EV 100.6 MPH)
|
Bottom of the 2nd over - 1 run, 1 hit, 0 errors, 2 left on base; Oakland 0 - Houston 1 |
TOP OF THE 3RD |
Oakland Athletics batting - Pitching for Houston Astros : RHP Salisbury Swanson
|
Batting: RHB Philip Jansen
|
0-0: Called Strike 0-1: Ball 1-1: Ball 2-1: Swinging Strike 2-2: Ball 3-2: Base on Balls
|
Batting: SHB Ryan Langlois
|
0-0: Ball 1-0: Ball Philip Jansen steals 2nd base 2-0: Bunted foul 2-1: Bunted foul 2-2: Foul Ball, location: 2F 2-2: Ball 3-2: Strikes out looking
|
Batting: SHB Quincy Bradford
|
0-0: Called Strike 0-1: Ball 1-1: Ball 2-1: Foul Ball, location: 2F 2-2: Foul Ball, location: 2F 2-2: Strikes out swinging
|
Batting: RHB Randy Shrewsbury
|
0-0: Swinging Strike 0-1: Foul Ball, location: 2F 0-2: Ball 1-2: Ground out 6-3 (Groundball, 6, EV 78.8 MPH)
|
Top of the 3rd over - 0 runs, 0 hits, 0 errors, 1 left on base; Oakland 0 - Houston 1 |
BOTTOM OF THE 3RD |
Houston Astros batting - Pitching for Oakland Athletics : RHP Franklin Rojas
|
Batting: RHB Matt Thompson
|
0-0: Ball 1-0: Ball 2-0: Ground out 2-3 (Groundball, 13S, EV 63.1 MPH)
|
Batting: LHB Bryce Hill
|
0-0: Ball 1-0: SINGLE (Groundball, 4MD, EV 101.9 MPH)
|
Batting: SHB Joe Gardner
|
0-0: Called Strike 0-1: Called Strike 0-2: Ball 1-2: Ball 2-2: Ball 3-2: Foul Ball, location: 2F 3-2: Base on Balls Bryce Hill to second
|
Batting: RHB Chris Lane
|
0-0: Ball 1-0: Ball 2-0: Ball 3-0: Base on Balls Bryce Hill to third Joe Gardner to second
|
Batting: RHB Josh Froyd
|
0-0: Foul Ball, location: 2F 0-1: Ball 1-1: Swinging Strike 1-2: Strikes out swinging
|
Batting: RHB Nick Gentzel
|
0-0: Swinging Strike 0-1: Called Strike 0-2: Ball 1-2: Foul Ball, location: 2F 1-2: Strikes out swinging
|
Bottom of the 3rd over - 0 runs, 1 hit, 0 errors, 3 left on base; Oakland 0 - Houston 1 |
TOP OF THE 4TH |
Oakland Athletics batting - Pitching for Houston Astros : RHP Salisbury Swanson
|
Batting: RHB Muneo Kawachi
|
0-0: Foul Ball, location: 2F 0-1: Called Strike 0-2: Ground out 5-3 (Groundball, 56S, EV 71.2 MPH)
|
Batting: RHB Jason May
|
0-0: Called Strike 0-1: Ball 1-1: Foul Ball, location: 2F 1-2: Foul Ball, location: 2F 1-2: Ball 2-2: Foul Ball, location: 2F 2-2: Ball 3-2: Foul Ball, location: 2F 3-2: DOUBLE (Flyball, 89D, EV 103.1 MPH)
|
Batting: LHB Sakae Kasahara
|
0-0: Ball 1-0: SINGLE (Flyball, 3D, EV 97.5 MPH) Jason May to third
|
Batting: RHB Shigem Kubo
|
0-0: Called Strike 0-1: Foul Ball, location: 2F 0-2: Foul Ball, location: 2F 0-2: Strikes out swinging
|
Batting: RHB Mike Blair
|
0-0: Ball 1-0: Called Strike 1-1: Swinging Strike 1-2: Strikes out swinging
|
Top of the 4th over - 0 runs, 2 hits, 0 errors, 2 left on base; Oakland 0 - Houston 1 |
BOTTOM OF THE 4TH |
Houston Astros batting - Pitching for Oakland Athletics : RHP Franklin Rojas
|
Batting: RHB Antonio Aranda
|
0-0: Called Strike 0-1: Bunt for hit to 13S - play at first, batter safe!
|
Batting: LHB Jim Keefe
|
0-0: Foul Ball, location: 2F 0-1: SINGLE (Line Drive, 3D, EV 100.6 MPH) Antonio Aranda to second
|
Batting: RHB Chang-wei Jiang
|
0-0: Called Strike 0-1: Foul Ball, location: 2F 0-2: Ball 1-2: Strikes out swinging
|
Batting: RHB Matt Thompson
|
0-0: Grounds into double play, 6-4-3 (Groundball, 6S, EV 85.6 MPH)
|
Bottom of the 4th over - 0 runs, 2 hits, 0 errors, 1 left on base; Oakland 0 - Houston 1 |
TOP OF THE 5TH |
Oakland Athletics batting - Pitching for Houston Astros : RHP Salisbury Swanson
|
Batting: RHB Philip Jansen
|
0-0: Ball 1-0: Foul Ball, location: 2F 1-1: Called Strike 1-2: Strikes out looking
|
Batting: SHB Ryan Langlois
|
0-0: Called Strike 0-1: Ball 1-1: Called Strike 1-2: Foul Ball, location: 2F 1-2: Ball 2-2: Foul Ball, location: 2F 2-2: Ground out 1-3 (Groundball, 25, EV 68.1 MPH)
|
Batting: SHB Quincy Bradford
|
0-0: Ball 1-0: Ground out 4-3 (Groundball, 4, EV 80.0 MPH)
|
Top of the 5th over - 0 runs, 0 hits, 0 errors, 0 left on base; Oakland 0 - Houston 1 |
BOTTOM OF THE 5TH |
Houston Astros batting - Pitching for Oakland Athletics : RHP Franklin Rojas
|
Batting: LHB Bryce Hill
|
0-0: Called Strike 0-1: Ball 1-1: Ground out 4-3 (Groundball, 4S, EV 65.0 MPH)
|
Batting: SHB Joe Gardner
|
0-0: Ball 1-0: Foul Ball, location: 2F 1-1: Fly out, F6 (Popup, P, EV 76.9 MPH)
|
Batting: RHB Chris Lane
|
0-0: Called Strike 0-1: Foul Ball, location: 2F 0-2: Foul Ball, location: 2F 0-2: Fly out, F8 (Line Drive, 78M, EV 109.4 MPH)
|
Bottom of the 5th over - 0 runs, 0 hits, 0 errors, 0 left on base; Oakland 0 - Houston 1 |
TOP OF THE 6TH |
Oakland Athletics batting - Pitching for Houston Astros : RHP Salisbury Swanson
|
Batting: RHB Randy Shrewsbury
|
0-0: Foul Ball, location: 2F 0-1: Foul Ball, location: 2F 0-2: Ball 1-2: Ball 2-2: Ball 3-2: Base on Balls
|
Batting: RHB Muneo Kawachi
|
0-0: Fly out, F7 (Flyball, 78XD, EV 95.6 MPH)
|
Batting: RHB Jason May
|
0-0: Ball 1-0: Called Strike 1-1: Swinging Strike 1-2: Strikes out looking
|
Batting: LHB Sakae Kasahara
|
0-0: Ball 1-0: Ball 2-0: Called Strike 2-1: Called Strike 2-2: Ground out 4-3 (Groundball, 34, EV 88.8 MPH)
|
Top of the 6th over - 0 runs, 0 hits, 0 errors, 1 left on base; Oakland 0 - Houston 1 |
BOTTOM OF THE 6TH |
Houston Astros batting - Pitching for Oakland Athletics : RHP Franklin Rojas
|
Batting: RHB Josh Froyd
|
0-0: Ball 1-0: Ball 2-0: Ball 3-0: Foul Ball, location: 2F 3-1: Base on Balls
|
Batting: RHB Nick Gentzel
|
0-0: Ball 1-0: Ball 2-0: Foul Ball, location: 2F 2-1: Called Strike 2-2: Grounds into double play, 5-4-3 (Groundball, 56, EV 87.5 MPH)
|
Batting: RHB Antonio Aranda
|
0-0: Ball 1-0: Ball 2-0: Ball 3-0: Called Strike 3-1: SINGLE (Groundball, 56S, EV 68.1 MPH) (infield hit)
|
Pitching: RHP Orlando Giron
|
|
Batting: LHB Jim Keefe
|
0-0: Called Strike Antonio Aranda steals 2nd base (no throw) 0-1: Ball 1-1: Ball 2-1: Ball 3-1: Base on Balls
|
Batting: RHB Chang-wei Jiang
|
0-0: Called Strike 0-1: Ball 1-1: Called Strike 1-2: Strikes out swinging
|
Bottom of the 6th over - 0 runs, 1 hit, 0 errors, 2 left on base; Oakland 0 - Houston 1 |
TOP OF THE 7TH |
Oakland Athletics batting - Pitching for Houston Astros : RHP Salisbury Swanson
|
Batting: RHB Shigem Kubo
|
0-0: Called Strike 0-1: Ball 1-1: Swinging Strike 1-2: Foul Ball, location: 2F 1-2: Strikes out swinging
|
Batting: RHB Mike Blair
|
0-0: Ball 1-0: Swinging Strike 1-1: Called Strike 1-2: Foul Ball, location: 2F 1-2: Ball 2-2: Fly out, F9 (Flyball, 9LM, EV 100.6 MPH)
|
Batting: RHB Philip Jansen
|
0-0: Ball 1-0: Called Strike 1-1: Swinging Strike 1-2: Ground out 6-3 (Groundball, 6M, EV 90.0 MPH)
|
Top of the 7th over - 0 runs, 0 hits, 0 errors, 0 left on base; Oakland 0 - Houston 1 |
BOTTOM OF THE 7TH |
Houston Astros batting - Pitching for Oakland Athletics : RHP Orlando Giron
|
Batting: RHB Matt Thompson
|
0-0: Called Strike 0-1: Called Strike 0-2: Ball 1-2: Ball 2-2: Foul Ball, location: 2F 2-2: Ball 3-2: Reached on error, E6 (Groundball, 6, EV 88.8 MPH)
|
Batting: LHB Bryce Hill
|
0-0: Called Strike 0-1: Foul Ball, location: 2F 0-2: Ball 1-2: Ball 2-2: Ball 3-2: Foul Ball, location: 2F 3-2: Ground out 6-3 (Groundball, 56, EV 101.2 MPH)
|
Batting: SHB Joe Gardner
|
0-0: Intentional Walk
|
Batting: RHB Chris Lane
|
0-0: Called Strike 0-1: Ball 1-1: Swinging Strike 1-2: Ball 2-2: Fly out, F8 (Flyball, 8LD, EV 106.2 MPH) Runner from 2nd tags up, SAFE at 3rd with throw by CF
|
Batting: RHB Josh Froyd
|
0-0: Ground out 4-3 (Groundball, 13, EV 81.2 MPH)
|
Bottom of the 7th over - 0 runs, 0 hits, 1 error, 2 left on base; Oakland 0 - Houston 1 |
TOP OF THE 8TH |
Oakland Athletics batting - Pitching for Houston Astros : RHP Salisbury Swanson
|
Batting: SHB Ryan Langlois
|
0-0: Ball 1-0: Ball 2-0: Foul Ball, location: 2F 2-1: DOUBLE (Line Drive, 9LS, EV 95.0 MPH)
|
Pitching: RHP Mike Chisolm
|
|
Batting: SHB Quincy Bradford
|
0-0: Ball 1-0: Ground out 3-1 (Groundball, 34, EV 99.4 MPH) Ryan Langlois to third
|
Batting: RHB Randy Shrewsbury
|
0-0: Foul Ball, location: 2F 0-1: Foul Ball, location: 2F 0-2: Ball 1-2: Ball 2-2: Ball Wild Pitch! Ryan Langlois scores 3-2: Foul Ball, location: 2F 3-2: Foul Ball, location: 2F 3-2: Foul Ball, location: 2F 3-2: Ground out 6-3 (Groundball, 56, EV 104.4 MPH)
|
Batting: RHB Muneo Kawachi
|
0-0: Called Strike 0-1: Ball 1-1: DOUBLE (Line Drive, 9LS, EV 90.0 MPH)
|
Batting: RHB Jason May
|
0-0: Ball 1-0: Swinging Strike 1-1: Ball 2-1: Called Strike 2-2: Strikes out swinging
|
Top of the 8th over - 1 run, 2 hits, 0 errors, 1 left on base; Oakland 1 - Houston 1 |
BOTTOM OF THE 8TH |
Houston Astros batting - Pitching for Oakland Athletics : RHP Orlando Giron
|
Pitching: RHP John Owens
|
|
Batting: RHB Nick Gentzel
|
0-0: Ball 1-0: Called Strike 1-1: Foul Ball, location: 2F 1-2: Ball 2-2: Ball 3-2: Foul Ball, location: 2F 3-2: Base on Balls
|
Batting: RHB Antonio Aranda
|
0-0: Fly out, F8 (Flyball, 8LD, EV 86.2 MPH)
|
Batting: LHB Jim Keefe
|
0-0: Ball 1-0: Foul Ball, location: 2F 1-1: Foul Ball, location: 2F 1-2: Ball 2-2: Foul Ball, location: 2F 2-2: Foul Ball, location: 2F 2-2: Foul Ball, location: 2F 2-2: Ball 3-2: Strikes out looking
|
Batting: RHB Chang-wei Jiang
|
0-0: Ball 1-0: Fly out, F7 (Line Drive, 7D, EV 106.9 MPH)
|
Bottom of the 8th over - 0 runs, 0 hits, 0 errors, 1 left on base; Oakland 1 - Houston 1 |
TOP OF THE 9TH |
Oakland Athletics batting - Pitching for Houston Astros : RHP Mike Chisolm
|
Batting: LHB Sakae Kasahara
|
0-0: Ball 1-0: Foul Ball, location: 2F 1-1: SOLO HOME RUN (Flyball, 8RXD, EV 114.4 MPH), Distance : 448 ft
|
Batting: RHB Shigem Kubo
|
0-0: Ball 1-0: Ball 2-0: Called Strike 2-1: Foul Ball, location: 2F 2-2: Ball 3-2: Foul Ball, location: 2F 3-2: Ground out 6-3 (Groundball, 6, EV 102.5 MPH)
|
Batting: RHB Mike Blair
|
0-0: Called Strike 0-1: Ball 1-1: Ball 2-1: Fly out, F8 (Flyball, 89M, EV 75.6 MPH)
|
Batting: RHB Philip Jansen
|
0-0: Ball 1-0: Called Strike 1-1: Ball 2-1: Foul Ball, location: 2F 2-2: Strikes out swinging
|
Top of the 9th over - 1 run, 1 hit, 0 errors, 0 left on base; Oakland 2 - Houston 1 |
BOTTOM OF THE 9TH |
Houston Astros batting - Pitching for Oakland Athletics : RHP John Owens
|
Pitching: RHP Mike Pedigo
|
|
Batting: RHB Matt Thompson
|
0-0: Ball 1-0: Ball 2-0: Called Strike 2-1: SINGLE (Groundball, 6MS, EV 71.9 MPH) (infield hit)
|
Batting: LHB Bryce Hill
|
0-0: Called Strike 0-1: SINGLE (Line Drive, 78S, EV 101.9 MPH) Matt Thompson to second
|
Batting: SHB Joe Gardner
|
0-0: Ball 1-0: Fly out, F9 (Flyball, 89S, EV 95.0 MPH)
|
Batting: RHB Chris Lane
|
0-0: Called Strike 0-1: Ball 1-1: DOUBLE (Line Drive, 9LM, EV 88.1 MPH) Matt Thompson scores Bryce Hill to third
|
Batting: RHB Josh Froyd
|
0-0: Ball 1-0: Ball 2-0: Ball 3-0: Base on Balls
|
Batting: RHB Nick Gentzel
|
0-0: Fly out, F9 (Flyball, 89M, EV 94.4 MPH)
|
Batting: RHB Antonio Aranda
|
0-0: Ball 1-0: Called Strike 1-1: Ball 2-1: Swinging Strike 2-2: Strikes out swinging
|
Bottom of the 9th over - 1 run, 3 hits, 0 errors, 3 left on base; Oakland 2 - Houston 2 |
TOP OF THE 10TH |
Oakland Athletics batting - Pitching for Houston Astros : RHP Mike Chisolm
|
Pitching: RHP Kyle McPeak
|
|
Batting: SHB Ryan Langlois
|
0-0: SINGLE (Line Drive, 78S, EV 86.9 MPH)
|
Batting: SHB Quincy Bradford
|
0-0: Called Strike Ryan Langlois steals 2nd base 0-1: Ball 1-1: Foul Ball, location: 2F 1-2: 2-RUN HOME RUN (Flyball, 7D, EV 97.5 MPH), Distance : 396 ft
|
Batting: RHB Randy Shrewsbury
|
0-0: Ball 1-0: Fly out, F8 (Flyball, 8RM, EV 80.0 MPH)
|
Batting: RHB Muneo Kawachi
|
0-0: Ball 1-0: Foul Ball, location: 2F 1-1: Foul Ball, location: 2F 1-2: Ground out 6-3 (Groundball, 6M, EV 107.5 MPH)
|
Batting: RHB Jason May
|
0-0: Foul Ball, location: 2F 0-1: Ball 1-1: Ground out 6-3 (Groundball, 6, EV 79.4 MPH)
|
Top of the 10th over - 2 runs, 2 hits, 0 errors, 0 left on base; Oakland 4 - Houston 2 |
BOTTOM OF THE 10TH |
Houston Astros batting - Pitching for Oakland Athletics : RHP Mike Pedigo
|
Pitching: RHP Joe Spampinato
|
|
Batting: LHB Jim Keefe
|
0-0: Foul Ball, location: 2F 0-1: Ball 1-1: Ball 2-1: Foul Ball, location: 2F 2-2: Strikes out looking
|
Batting: RHB Chang-wei Jiang
|
0-0: Ground out 6-3 (Groundball, 6, EV 91.2 MPH)
|
Batting: RHB Matt Thompson
|
0-0: Hit by Pitch
|
Batting: LHB Bryce Hill
|
0-0: Fly out, F6 (Popup, P, EV 83.8 MPH)
|
Bottom of the 10th over - 0 runs, 0 hits, 0 errors, 1 left on base; Oakland 4 - Houston 2 |
|